 Dungeon Crawl Stone Soup version 0.28.0-45-g0d030f2227 (webtiles) character file.

Game seed: 17973138745308308195

418 GigaChad the Slasher (level 6, -3/46 HPs)
             Began as a Palentonga Fighter on Apr 19, 2022.
             Was a Believer of Hepliaklqana.
             Slain by Grinder (5 damage)
             ... on level 4 of the Dungeon.
             The game lasted 00:10:46 (2620 turns).

GigaChad the Slasher (Palentonga Fighter)           Turns: 2620, Time: 00:10:47

Health: -3/46      AC:  7    Str: 19    XL:     6   Next: 61%
Magic:  6/6        EV:  7    Int:  9    God:    Hepliaklqana [**....]
Gold:   757        SH:  4    Dex: 11    Spells: 5/5 levels left

rFire   . . .      SeeInvis +   a - +0 long sword
rCold   . . .      Faith    .   c - +0 buckler
rNeg    . . .      Spirit   .   g - +1 scale mail {rPois}
rPois   +          Reflect  .   (no helmet)
rElec   .          Harm     .   (no cloak)
rCorr   .          Rampage  .   (no gloves)
Will    .....                   (no barding)
Stlth   ..........              (no amulet)
HPRegen 0.15/turn               (no ring)
MPRegen 0.10/turn               (no ring)

@: no status effects
A: reduced essence, large, rugged brown scales 3, see invisible, deformed body,
roll 1, armoured tail
a: Rolling Charge, Renounce Religion, Ancestor Life: Knight, Ancestor Life:
Battlemage, Ancestor Life: Hexer, Recall Ancestor, Ancestor Identity


You were on level 4 of the Dungeon.
You worshipped Hepliaklqana.
Hepliaklqana was pleased with you.
You visited 1 branch of the dungeon, and saw 4 of its levels.

You collected 757 gold pieces.

Inventory:

Hand Weapons
 a - a +0 long sword (weapon)
 i - a +0 scythe
Missiles
 l - 48 arrows
Armour
 b - a +0 scale mail
 c - a +0 buckler (worn)
 g - a +1 scale mail of poison resistance (worn)
Scrolls
 f - a scroll of fog {unknown}
 j - a scroll of fear {unknown}
 k - a scroll of enchant armour {unknown}
 m - a scroll of noise {unknown}
 n - a scroll of identify {unknown}
Potions
 d - 2 potions of might
 e - a potion of heal wounds {unknown}
 h - 2 potions of curing {unknown}


   Skills:
 + Level 4.0 Fighting
 + Level 4.7 Long Blades
 + Level 3.5 Armour
 + Level 1.2 Dodging
 + Level 0.6 Stealth
 + Level 3.0 Shields


You had 5 spell levels left.
You didn't know any spells.
Your spell library contained the following spells:

 Spells                   Type           Power      Damage    Failure   Level
 Animate Dead             Necr           0%         N/A       100%        4
 Haunt                    Necr/Summ      0%         N/A       100%        7
 Infestation              Necr           0%         N/A       100%        8


Dungeon Overview and Level Annotations

Branches:
Dungeon (4/15)
 Temple: D:4-7

Altars:
Hepliaklqana

Annotations:
D:4 Grinder


Innate Abilities, Weirdness & Mutations

Your life essence is reduced to manifest your ancestor. (-10% HP)
You are completely covered in rugged brown scales. (AC +3, +7% HP)
You have supernaturally acute eyesight. (SInv)
Armour fits poorly on your strangely shaped body.
You can roll at nearby foes to attack.
You have a long armoured tail.


Message History

You resist with significant effort. Grinder hits you.
You writhe in agony.
You hit Grinder.
Grinder is lightly wounded.
Grinder hits you.
You writhe in agony.
You slash Grinder!
Grinder is moderately wounded.
Tlaloc hits Grinder.
You block Grinder's attack.
Tlaloc hits Grinder.
You hit Grinder.
Grinder is heavily wounded.
Grinder hits you but does no damage.
Tlaloc hits Grinder.
You barely miss Grinder.
Grinder is heavily wounded.
Grinder barely misses you.
Tlaloc closely misses Grinder.
Grinder hits you but does no damage.
You closely miss Grinder.
Grinder is heavily wounded.
Tlaloc hits Grinder.
Grinder hits you!
You writhe in agony.
You slash Grinder!
Your tail-slap misses Grinder.
Grinder is severely wounded.
Tlaloc closely misses Grinder.
Grinder hits you!
* * * LOW HITPOINT WARNING * * *
You writhe in agony.
* * * LOW HITPOINT WARNING * * *
You hit Grinder.
Grinder is almost dead.
Tlaloc barely misses Grinder.
Grinder closely misses you.
Tlaloc barely misses Grinder.
You closely miss Grinder.
Grinder is almost dead.
Grinder hits you but does no damage.
Tlaloc barely misses Grinder.
You closely miss Grinder. You tail-slap Grinder.
Grinder is almost dead.
Grinder gestures at you. Pain shoots through your body!
* * * LOW HITPOINT WARNING * * *
Tlaloc barely misses Grinder.
Grinder hits you.
* * * LOW HITPOINT WARNING * * *
You writhe in agony.
You die...

.........#........#
......##........#.# .
.<....##...#..##### ..
#.##.....#.##.##..#..#
... ####.. ##........#
... #.....##.# P..
##....## #.#
##...R.#....#
#....@5....#
#........##......
####.............
#......##.>....
#....#### ..... ......
.... ##.### . . #.


You could see the friendly Tlaloc the ancestor and Grinder (ally target).

Vanquished Creatures
  Natasha (thrice) (D:3)
  An orc wizard (D:3)
  3 adders (D:2)
  2 worms (D:2)
  A dart slug (D:1)
  2 orcs
  3 bats
  4 endoplasms
  3 giant cockroaches
  8 goblins
  5 hobgoblins
  2 jackals (D:1)
  7 kobolds
  2 quokkas
  3 ball pythons
  3 frilled lizards
  5 rats
57 creatures vanquished.

Vanquished Creatures (collateral kills)
  Sigmund (D:3)
  A jelly (D:4)
  An orc wizard (D:3)
  A bat (D:3)
  A goblin (D:3)
  A hobgoblin (D:3)
  2 kobolds
  A quokka (D:4)
  2 ball pythons
  A frilled lizard (D:1)
  3 rats (D:3)
15 creatures vanquished.

Vanquished Creatures (others)
  An ancestor (D:1)
1 creature vanquished.

Grand Total: 73 creatures vanquished

Notes
Turn   | Place    | Note
-------+----------+-------------------------------------------
     0 | D:1      | GigaChad the Palentonga Fighter began the quest for the
                  | Orb.
     0 | D:1      | Reached XP level 1. HP: 19/19 MP: 1/1
   149 | D:1      | Reached XP level 2. HP: 9/25 MP: 2/2
   414 | D:1      | Found a faded altar of an unknown god.
   420 | D:1      | Prayed at the altar of an unknown god.
   420 | D:1      | Became a worshipper of Hepliaklqana the Forgotten
   420 | D:1      | Reached * piety under Hepliaklqana
   636 | D:1      | Reached XP level 3. HP: 25/28 MP: 3/3
   908 | D:2      | Identified a scroll of acquirement
   908 | D:2      | Acquired 602 gold pieces
   930 | D:2      | Reached XP level 4. HP: 4/33 MP: 4/4
  1734 | D:3      | Noticed Sigmund
  1743 | D:3      | Killed Sigmund
  1744 | D:3      | Reached skill level 1 in Dodging
  1744 | D:3      | Reached XP level 5. HP: 11/40 MP: 5/5
  1744 | D:3      | Reached XP level 6. HP: 13/46 MP: 6/6
  2059 | D:3      | Reached ** piety under Hepliaklqana
  2101 | D:3      | Noticed Natasha
  2109 | D:3      | Killed Natasha
  2172 | D:3      | Noticed Natasha
  2178 | D:3      | Killed Natasha
  2198 | D:3      | Noticed Natasha
  2209 | D:3      | Killed Natasha
  2598 | D:4      | Noticed Grinder
  2620 | D:4      | HP: 2/46 [Grinder (2)]
  2620 | D:4      | Slain by Grinder

Illustrated notes

Levels and vault maps discovered:
D:1:      saegor_arrival_simple_d, layout_rooms,
          hellmonk_ecumenical_altar_heavens_door
D:2:      layout_loops_ring, serial_shops, nicolae_diamond_shop,
          serial_aquarium, aquarium_bridge_straight [aquarium_subvault_bridge,
          aquarium_subvault_wall, aquarium_subvault_bridge,
          aquarium_subvault_balcony], aquarium_bridge_square
          [aquarium_subvault_window, aquarium_subvault_window,
          aquarium_subvault_wall, aquarium_subvault_bridge],
          aquarium_window_corridor_2, aquarium_window_fake,
          aquarium_window_corner, aquarium_view_2f, aquarium_pool_1,
          lightli_corner_chamber, uniq_terence
D:3:      layout_basic, uniq_natasha, uniq_sigmund
D:4:      layout_cave_pools, eino_curves_04, minmay_misc_feat_x,
          serial_bayou_pond_b, minmay_misc_feat_rows, minmay_diced_spiral,
          uniq_pikel, uniq_grinder

Skill      XL: |  1  2  3  4  5  6 |
---------------+-------------------+-----
Long Blades    | 3 4 |  4.7
Armour         | 3 |  3.5
Dodging        | 1 |  1.2
Shields        | 3 |  3.0
Fighting       | 4 |  4.0
Stealth        | |  0.6

Action                   |  1- 3 |  4- 6 || total
-------------------------+-------+-------++-------
Melee: Long sword        |   103 |    75 ||   178
       Tailslap          |    11 |    15 ||    26
  Use: Scroll            |     3 |       ||     3
 Stab: Distracted        |     1 |     2 ||     3
Armor: Scale mail        |    61 |    46 ||   107
Dodge: Dodged            |    58 |    39 ||    97
Block: Buckler           |    22 |    17 ||    39
